 Dungeon Crawl Stone Soup version 0.18.1-50-g88ac8fd (webtiles) character file.

1781 saintsgambit the Twirler (level 8, 0/70 HPs)
             Began as a Minotaur Gladiator on Dec 15, 2016.
             Was a Believer of Okawaru.
             Slain by a sky beast (6 damage)
             ... on level 6 of the Dungeon.
             The game lasted 00:11:46 (4439 turns).

saintsgambit the Twirler (Minotaur Gladiator)       Turns: 4439, Time: 00:11:46

Health: 0/70       AC: 12    Str: 22    XL:     8   Next: 81%
Magic:  6/7        EV: 16    Int:  5    God:    Okawaru [**....]
Gold:   438        SH:  0    Dex: 11    Spells: 0 memorised, 7 levels left

rFire  . . .     SeeInvis .     a - +1 quarterstaff
rCold  . . .     Gourm    .     t - +0 ring mail
rNeg   . . .     Faith    .     (shield currently unavailable)
rPois  .         Spirit   .     c - +1 hat
rElec  .         Dismiss  .     F - +0 cloak
rCorr  .         Reflect  .     u - +0 pair of gloves
SustAt .         Harm     .     H - +0 pair of boots
MR     .....                    (no amulet)
Stlth  ++........               (no ring)
                                (no ring)

@: heroism, not resistant to hostile enchantments, unstealthy
A: retaliatory headbutt, horns 2
a: Heroism, Renounce Religion


You were on level 6 of the Dungeon.
You worshipped Okawaru.
Okawaru was pleased with you.
You were very hungry.

You visited 1 branch of the dungeon, and saw 6 of its levels.
You also visited: Ossuary.

You collected 438 gold pieces.

Inventory:

Hand Weapons
 a - a +1 quarterstaff (weapon)
Missiles
 d - a throwing net (quivered)
 g - 6 javelins
Armour
 b - a +0 chain mail
 c - a +1 hat (worn)
 t - a +0 ring mail (worn)
 u - a +0 pair of gloves (worn)
 F - a +0 cloak (worn)
 H - a +0 pair of boots (worn)
Wands
 s - a wand of iceblast (15/15)
Scrolls
 e - 9 scrolls of identify
 h - 3 scrolls of remove curse
 j - 3 scrolls of recharging
 l - 2 scrolls of enchant weapon
 n - 2 scrolls of enchant armour
 o - 2 scrolls of fear {unknown}
 q - 2 scrolls of blinking {unknown}
 v - a scroll of fog {unknown}
 y - a scroll of immolation {unknown}
 C - 5 scrolls of teleportation {unknown}
Potions
 i - a potion of haste
 p - a potion of invisibility {unknown}
 r - a potion of degeneration {unknown}
 w - a potion of flight {unknown}
 x - 3 potions of ambrosia {unknown}
 z - 2 potions of heal wounds {unknown}
 A - 2 potions of might
 B - 5 potions of curing {unknown}
 E - a potion of cure mutation {unknown}
Miscellaneous
 G - a sack of spiders
Comestibles
 f - 7 bread rations
 k - 3 meat rations
 m - a royal jelly
 D - a slice of pizza
 I - a beef jerky


   Skills:
 + Level 6.2(11.2) Fighting
 + Level 7.9(12.9) Staves
 + Level 3.2(8.2) Throwing
 + Level 5.6(10.6) Armour
 + Level 7.3(12.3) Dodging
 + Level 1.0(6.0) Stealth
 + Level 1.2 Invocations


You had 7 spell levels left.
You didn't know any spells.

Dungeon Overview and Level Annotations

Branches:
Dungeon (6/15)
 Temple: D:4-7

Altars:
Cheibriados
Dithmenos
Elyvilon
Gozag
Okawaru
Trog

Shops:
D:4 %


Innate Abilities, Weirdness & Mutations

You reflexively headbutt those who attack you in melee.
You have a pair of horns on your head.


Message History

The orc warrior is severely wounded.
You barely miss the orc warrior.
You headbutt the orc warrior, but do no damage.
The orc warrior is severely wounded.
The orc warrior misses you.
You closely miss the orc warrior.
The orc warrior is severely wounded.
You hit the orc warrior but do no damage.
The orc warrior is severely wounded.
The orc warrior hits you with a dire flail!
* * * LOW HITPOINT WARNING * * *
You hit the orc warrior.
You kill the orc warrior!
Okawaru accepts your kill.
The sky beast flickers out of sight!
Deactivating autopickup; reactivate with Ctrl-A.
You sock something! Something hits you.
* * * LOW HITPOINT WARNING * * *
Something shocks you.
You die...

#....#####...###.#..#
............)).#....#
.#...........).#.##.#
......###...........#
.......#####+#.#....#
.#.......#####.####.#
..............>.....#
.##......###...######.###
.............oo)@........
.####....#....o##########
.......#......ยง#
...##..#......o#
...##..#.......#
...##..#....o..#
#..##..#.......# .##
..#.....### .# #.....#


You could see 3 orcs.

Vanquished Creatures
  An orc warrior (D:6)
  A sky beast (D:5)
  4 ogres
  A phantom (D:5)
  A centaur (D:5)
  The ghost of erskine the Skirmisher, an amateur GrBe of Trog (D:4)
  2 elf zombies
  2 elf skeletons (D:6)
  A howler monkey (D:5)
  A crimson imp (D:5)
  A giant frog zombie (D:6)
  A hound (D:4)
  2 orc priests (D:5)
  A centaur skeleton (D:3)
  Jessica (D:2)
  An iguana (D:6)
  A worker ant (D:4)
  Ijyb (D:2)
  2 orc wizards
  2 human skeletons (D:6)
  5 hound zombies (Ossuary)
  A hound skeleton (D:6)
  4 mummies (Ossuary)
  Robin (D:2)
  3 gnolls (D:2)
  6 adders
  A shadow imp (D:6)
  An adder zombie (Ossuary)
  2 worms
  3 giant geckos
  12 orcs
  A ball python (D:3)
  6 giant cockroaches
  12 goblins
  9 hobgoblins
  13 jackals
  A quokka (D:3)
  6 bats
  5 giant newts
  A goblin zombie (Ossuary)
  A jackal skeleton (D:4)
  A jackal zombie (Ossuary)
  8 kobolds
  An orc skeleton (D:6)
  2 orc zombies (Ossuary)
  4 rats
  A rat zombie (Ossuary)
139 creatures vanquished.

Notes
Turn   | Place    | Note
--------------------------------------------------------------
     0 | D:1      | saintsgambit the Minotaur Gladiator began the quest for the Orb.
     0 | D:1      | Reached XP level 1. HP: 18/18 MP: 0/0
   254 | D:1      | Reached XP level 2. HP: 18/25 MP: 1/1
   681 | D:2      | Reached XP level 3. HP: 15/30 MP: 2/2
   970 | D:2      | Noticed Ijyb
   979 | D:2      | Reached skill level 1 in Armour
   993 | D:2      | Killed Ijyb
   993 | D:2      | Reached XP level 4. HP: 27/38 MP: 3/3
  1028 | D:2      | Noticed Robin
  1038 | D:2      | Killed Robin
  1360 | D:2      | Noticed Jessica
  1366 | D:2      | Killed Jessica
  1366 | D:2      | Reached XP level 5. HP: 37/45 MP: 4/4
  1369 | D:2      | Found an opulent altar of Gozag.
  1417 | D:2      | Found an iron altar of Okawaru.
  1430 | D:2      | Became a worshipper of Warmaster Okawaru
  1515 | D:3      | Found a shadowy altar of Dithmenos.
  1518 | D:3      | Reached skill level 5 in Staves
  1927 | D:3      | Reached skill level 5 in Dodging
  2222 | D:4      | Found Sukuh's Food Emporium.
  2374 | D:4      | Noticed an ogre
  2382 | D:4      | Killed an ogre
  2382 | D:4      | Reached XP level 6. HP: 35/52 MP: 5/5
  2400 | D:4      | Found a bloodstained altar of Trog.
  2401 | D:4      | Found a snail-covered altar of Cheibriados.
  2402 | D:4      | Found a white marble altar of Elyvilon.
  2675 | D:4      | Noticed erskine's ghost (amateur GrBe)
  2690 | D:4      | Killed erskine's ghost
  2690 | D:4      | Reached * piety under Okawaru
  2781 | D:4      | Reached XP level 7. HP: 35/59 MP: 6/6
  2812 | D:5      | Entered Level 5 of the Dungeon
  3172 | D:5      | Reached ** piety under Okawaru
  3417 | D:6      | Reached skill level 5 in Armour
  3467 | D:6      | Reached skill level 5 in Fighting
  3467 | D:6      | Reached XP level 8. HP: 40/68 MP: 7/7
  3541 | D:6      | Found a sand-covered staircase.
  3550 | Ossuary  | Entered an ossuary
  3566 | Ossuary  | Reached skill level 1 in Stealth
  4110 | D:6      | Reached skill level 1 in Invocations
  4439 | D:6      | Slain by a sky beast

Skill      XL: |  1  2  3  4  5  6  7  8 |
---------------+-------------------------+-----
Staves         | 4 5 6 7 |  7.9
Fighting       | 3 4 5 6 |  6.2
Armour         | 1 2 3 5 |  5.6
Dodging        | 4 5 6 7 |  7.3
Throwing       | 3 |  3.2
Stealth        | 1 |  1.0
Invocations    | 1 |  1.2

Action                   |  1- 3 |  4- 6 |  7- 9 || total
-------------------------+-------+-------+-------++-------
Melee: Quarterstaff      |    70 |   150 |   198 ||   418
       Headbutt          |    11 |    26 |    40 ||    77
Throw: Throwing net      |       |     5 |     1 ||     6
       Javelin           |       |     1 |     5 ||     6
Invok: Heroism           |       |       |     5 ||     5
  Use: Scroll            |       |       |     9 ||     9
  Eat: Bread ration      |       |     1 |     1 ||     2
       Chunk             |       |       |     2 ||     2
Armor: Leather armour    |    13 |     6 |       ||    19
       Ring mail         |       |    19 |    80 ||    99
Dodge: Dodged            |    48 |   114 |   131 ||   293
